 Dungeon Crawl Stone Soup version 0.27-a0-1184-ge86db4a01e (webtiles) character file.

Game seed: 3794431917154903163

63 leviel the Shield-Bearer (level 3, -11/33 HPs)
             Began as a Minotaur Fighter on May 18, 2021.
             Mangled by an ogre
             ... wielding a +0 giant club
              (18 damage)
             ... on level 2 of the Dungeon.
             The game lasted 00:01:16 (739 turns).

leviel the Shield-Bearer (Minotaur Fighter)          Turns: 739, Time: 00:01:17

Health: -11/33     AC:  7    Str: 21    XL:     3   Next: 89%
Magic:  2/2        EV:  7    Int:  5    God:
Gold:   53         SH:  9    Dex:  9    Spells: 2/2 levels left

rFire    . . .     SeeInvis .   a - +0 war axe
rCold    . . .     Faith    .   c - +0 kite shield
rNeg     . . .     Spirit   .   b - +0 scale mail
rPois    .         Reflect  .   (helmet restricted)
rElec    .         Harm     .   (no cloak)
rCorr    .         Rampage  .   (no gloves)
Will     .....                  (no boots)
Stlth    ..........             (no amulet)
HPRegen  0.11/turn              (no ring)
MPRegen  0.08/turn              (no ring)

@: no status effects
A: horns 2, retaliatory headbutt
a: no special abilities


You were on level 2 of the Dungeon.
You visited 1 branch of the dungeon, and saw 2 of its levels.

You collected 53 gold pieces.

Inventory:

Hand Weapons
 a - a +0 war axe (weapon)
Armour
 b - a +0 scale mail (worn)
 c - a +0 kite shield (worn)
Scrolls
 f - 2 scrolls of amnesia {unknown}
 g - a scroll of fog {unknown}
Potions
 d - 2 potions of might
 e - a potion of berserk rage {unknown}
 h - 2 potions of mutation {unknown}
 i - 2 potions of invisibility {unknown}
 j - a potion of resistance {unknown}


   Skills:
 + Level 4.0 Fighting
 * Level 3.4 Axes
 + Level 0.9 Throwing
 + Level 4.0 Armour
 + Level 4.1 Shields
 + Level 1.1 Invocations


You had 2 spell levels left.
You didn't know any spells.
Your spell library was empty.

Dungeon Overview and Level Annotations

Branches:
Dungeon (2/15)

Altars:

Shops:
D:1 [


Innate Abilities, Weirdness & Mutations

You have a pair of horns on your head.
You reflexively headbutt those who attack you in melee.


Message History

Jessica points at you and mumbles some strange words.
Pain shoots through your body!
You barely miss Jessica.
Jessica is heavily wounded.
Jessica hits you with a +0 club. Jessica casts a spell at you.
You resist with some effort.
Your shield prevents you from hitting Jessica.
You headbutt Jessica.
You kill Jessica!
Your Fighting skill increases to level 4!
Your Armour skill increases to level 4!
Your Invocations skill increases to level 1!
No target in view!
HP restored.
Things that are here:
a +0 club; a +0 robe; the human corpse of Jessica Unknown command.
There is a stone staircase leading up here.
Found 8 gold pieces.
Items here: )))) [ †††.
Found 7 gold pieces.
Items here: )) [ †.
An ogre comes into view. It is wielding a +0 giant club.
The ogre shouts!
Found 17 gold pieces.
You see here 8 gold pieces.
An ogre is nearby!
The ogre barely misses you.
You hit the ogre. You headbutt the ogre!
The ogre is heavily wounded.
The ogre hits you with a +0 giant club!!
Ouch! That really hurt!
* * * LOW HITPOINT WARNING * * *
You are too injured to fight recklessly!
You slash the ogre! Your headbutt misses the ogre.
The ogre is severely wounded.
The ogre hits you with a +0 giant club!!
Ouch! That really hurt!
You die...

..... ...
#.#.......# ####
#.#.#..$..##..
#...##.#.#......#$.
...$.#.#.#.........
...................
......O..##........
.......@.##.......?
......##..$..##
..... ####.))# #.
.... ###.###....
... #........ .. #
#.#####.. #
#..###<###
#.......#
#####...##


You could see an ogre.

Vanquished Creatures
  Jessica (D:2)
  3 dart slugs
  5 orcs (D:2)
  An endoplasm (D:1)
  2 giant cockroaches (D:1)
  2 goblins
  A hobgoblin (D:1)
  5 ball pythons
  4 bats (D:1)
  A frilled lizard (D:1)
  A kobold (D:1)
26 creatures vanquished.

Notes
Turn   | Place    | Note
-------+----------+-------------------------------------------
     0 | D:1      | leviel the Minotaur Fighter began the quest for the Orb.
     0 | D:1      | Reached XP level 1. HP: 19/19 MP: 0/0
   198 | D:1      | Reached XP level 2. HP: 27/27 MP: 1/1
   321 | D:1      | Found Buorohey's Antique Armour Shop.
   344 | D:1      | Found a faded altar of an unknown god.
   614 | D:2      | Reached XP level 3. HP: 28/33 MP: 2/2
   614 | D:2      | Noticed Jessica
   632 | D:2      | Killed Jessica
   633 | D:2      | Reached skill level 1 in Invocations
   734 | D:2      | Noticed an ogre
   739 | D:2      | Mangled by an ogre

Illustrated notes

Levels and vault maps discovered:
D:1:      zelgadis_glass_arrival_small, layout_rooms,
          shapermc_ecumenical_altar_gd, serial_shops, shop,
          chequers_hall_statues_wall_a
D:2:      layout_rooms, basic_altar, minmay_cut_off, uniq_natasha, uniq_jessica,
          uniq_crazy_yiuf_cottage

Skill      XL: |  1  2  3 |
---------------+----------+-----
Axes           | 3 |  3.4
Shields        | 4 |  4.1
Fighting       | 4 |  4.0
Armour         | 4 |  4.0
Invocations    | 1 |  1.1
Throwing       | |  0.9

Action                   || total
-------------------------++-------
Melee: War axe           ||    50
       Headbutt          ||     9
Armor: Scale mail        ||    23
Dodge: Dodged            ||    23
Block: Kite shield       ||    32

Table legend: (Time is in decaauts)
 A = Elapsed time spent in this place.
 B = Non-inter-level travel time spent in this place.
 C = Inter-level travel time spent in this place.
 D = Time resting spent in this place.
 E = Time spent auto-exploring this place.
 F = Levels seen in this place.
 G = Mean time per level.
                   A        B        C        D        E       F      G
               +--------+--------+--------+--------+--------+-----+--------+
         Total |    767 |    755 |     12 |      0 |    617 |   2 |  383.5 |
       Dungeon |    767 |    755 |     12 |      0 |    617 |   2 |  383.5 |
               +--------+--------+--------+--------+--------+-----+--------+

Top non-repeatable levels by time:
     D:1: 619 daAuts
     D:2: 147 daAuts
